details: 'my euro bitch'

« prev index next »

General information

Mini Map

Players

team 1
HumanIscariot (green | 87 APM | 1171 actions | 13:29)
Hero icon 4 Blood Mage
Ability icon 2 Flame Strike
Ability icon 2 Siphon Mana

» actions
Assign group hotkey183
Basic commands16
Build / train58
Enter build submenu42
Enter hero's abilities submenu4
Give item / drop item3
Remove unit from queue2
Right click442
Select / deselect258
Select group hotkey83
Use ability77
1171 total
» units
Peasant12
Footman6
Goblin Shredder1
Sorceress2
21 total
» upgrades
Magic Sentry1
Masonry2
Sorceress Training1
Lumber Harvesting1
5 total
» buildings
Scout Tower25
Altar of Kings1
Barracks1
Farm5
Arcane Tower3
Arcane Vault1
Keep1
Lumber Mill1
Guard Tower8
Arcane Sanctum1
Town Hall1
Castle1
Gryphon Aviary2
Blacksmith1
52 total
» build order
00:27 Scout Tower
00:37 Altar of Kings
00:46 Barracks
00:56 Farm
01:05 Farm
01:07 Farm
01:11 Farm
01:58 Arcane Tower
02:54 Arcane Vault
03:07 Farm
04:11 Keep
04:15 Lumber Mill
04:42 Scout Tower
05:12 Scout Tower
05:13 Scout Tower
05:16 Scout Tower
05:18 Scout Tower
05:20 Scout Tower
05:24 Scout Tower
05:27 Scout Tower
05:45 Guard Tower
05:54 Guard Tower
06:05 Guard Tower
06:08 Arcane Tower
06:10 Scout Tower
06:19 Scout Tower
06:50 Arcane Sanctum
07:30 Guard Tower
08:17 Guard Tower
08:42 Town Hall
08:44 Guard Tower
08:48 Scout Tower
08:51 Scout Tower
08:53 Scout Tower
09:55 Arcane Tower
09:56 Guard Tower
10:00 Scout Tower
10:04 Scout Tower
10:05 Scout Tower
10:06 Scout Tower
10:17 Scout Tower
10:19 Scout Tower
10:26 Scout Tower
11:17 Guard Tower
11:23 Guard Tower
12:17 Scout Tower
12:17 Scout Tower
12:17 Scout Tower
12:17 Scout Tower
12:21 Castle
12:23 Gryphon Aviary
12:24 Gryphon Aviary
12:30 Blacksmith
» items
Scroll of Regeneration2
Ivory Tower3
Potion of Invisibility2
Staff of Teleportation1
Boots of Speed1
Scroll of Town Portal1
Periapt of Vitality1
Potion of Lesser Invulnerability1
12 total
team 2
OrcDZD.WoLvEs (pink | 182 APM | 2456 actions | 13:28)
Hero icon 3 Blademaster
Ability icon 1 Wind Walk
Ability icon 2 Critical Strike
Hero icon 2 Shadow Hunter
Ability icon 1 Healing Wave
Ability icon 1 Hex

» actions
Assign group hotkey23
Basic commands39
Build / train63
Enter build submenu19
Enter hero's abilities submenu5
Give item / drop item4
Right click720
Select / deselect357
Select group hotkey1163
Use ability63
2456 total
» units
Peon13
Grunt11
Spirit Walker2
Raider2
Demolisher2
30 total
» upgrades
Spirit Walker Training1
Ensnare1
2 total
» buildings
Altar of Storms1
Orc Burrow8
Barracks1
Voodoo Lounge1
Stronghold2
Beastiary2
Spirit Lodge1
War Mill1
17 total
» build order
00:04 Altar of Storms
00:13 Orc Burrow
00:40 Barracks
01:24 Voodoo Lounge
02:01 Orc Burrow
02:54 Stronghold
02:54 Stronghold
05:19 Orc Burrow
05:21 Beastiary
05:24 Spirit Lodge
06:09 War Mill
06:11 Orc Burrow
07:21 Beastiary
09:01 Orc Burrow
10:13 Orc Burrow
12:11 Orc Burrow
13:04 Orc Burrow
» items
Healing Salve4
Lesser Clarity Potion6
Boots of Speed1
Scroll of Speed2
13 total